Workbook

Sheet Procedures
A1: Cal OES Required Documentation
A2: In order to process your request, Cal OES is requesting a narrative detailing the scope of work and the work completed along with the following documentation. Documentation should apply only to those expenses incurred to complete the approved scope of work, whether or not those expenses were over or under the approved amount. The costs must be itemized and outlined in an easy to read manner, preferably on the enclosed forms. If you use your own forms, the information and layout should be similar to the attached forms.
A4: A Cost Summary Report that breaks out the costs for each category of expenses. This will include the totals from each of the categories below.
A6: Detailed summary sheets for labor, equipment, material, rental equipment, and contracts that show that the work performed and costs incurred were directly related to the scope of work. Actual invoices, payments, contracts, and timesheets are not required unless specifically requested. For instance, the force account labor summary sheet would include the name of each employee that performed work at that PW site, reference to the site, dates worked, base pay, overtime pay, benefits pay, and the total amount received. If the DSR is for emergency work (Categories A or B), only overtime pay is eligible.
A8: Proper documentation of force account labor. Documentation must include regular time and overtime; a salary rates chart; a fringe benefits percentage and components rate chart; and time expense sheets (who, what, when, where, and how long for each employee). For emergency work (categories A and B), only overtime pay is allowed, however regular time can be included to substantiate equipment time usage.
A10: Proper documentation of force account equipment costs. Documentation is to include an equipment rates chart and equipment expense sheets (what equipment, who used it, doing what, when, where, the hourly rate, and for how long for each day of use). Standby and idle time are not eligible although a full day will be paid if a piece of equipment is used intermittently for the majority of the day.
A11: Proper documentation of rental equipment costs. Vendor equipment invoices must identify what was done, when, where, for how long, what kind of equipment, and the charges per project. Idle time is allowed.
A12: Proper documentation of force account material costs. These costs are to be included on the Materials Summary Report. Reimbursement is based on the purchase price and quantities taken from the applicant’s stock. If invoices are not available, costs can be developed from the applicant’s historical data or from vendors in the area. Donated materials are not eligible, although the value may be credited towards the applicant’s cost share. Documentation is to include material use summary sheets (what was used, who used it, when, where, the quantity, and the unit price). NOTE: Meal tickets are to be included here.
A14: Proper documentation of purchased material and supply costs. These costs are to be included on the Materials Summary Report. Documentation is to include receipts and payment vouchers for each item and material use summary sheets (what was used, who used it, when, where, the quantity, and the unit price). Costs can be developed from the applicant’s historical data or from vendors in the area.
A15: Proper documentation of contract costs. Contracts are to include a copy of the signed contract and any change orders, payment invoices, and payment vouchers especially the final acceptance and payment.
A17: Proper documentation of insurance policies with deductible amounts and property coverage clearly identified. Applicant must also submit any settlement documentation including copies of the claim, proof of loss, statement of loss, and any other documentation that describes the covered items and the insurance proceeds available for those items and any reimbursements received. Eligible costs may include the insurance deductible, depreciation, items not covered by the policy, and limited eligible costs above the policy.
A19: Donated resources, which include volunteer labor, donated equipment, and donated materials are eligible to offset the State and Local portion of the cost share for emergency work. The amount is capped at the non-Federal share so that the Federal share will not exceed the Applicant’s actual out-of-pocket expenses. Volunteer labor is to be valued at the same hourly rate as someone who regularly performs similar work.
A21: Engineering/Design Services must be common to similar construction projects or necessary prior to completing the work. Documentation is to include copies of the final accepted design, engineers’ reports and recommendations, a copy of the signed contract and any change orders, payment invoices, and payment vouchers, especially the final acceptance and payment.

Sheet Cost Summary Record
A1: COST SUMMARY RECORD | H1: Fill out the information requested in the header portion of this form. The information will be copied to each of the following forms. Boxes with light blue background have formulas in them. Hours and costs are filled in as you fill out the following forms.
A2: Applicant | D2: CDAA ID | E2: CDAA Disaster # | F2: DSR #
A4: Location/Site | B4: GPS N | C4: GPS W | D4: FEMA ID | E4: FEMA Disaster # | F4: Category
A6: Description of Work Performed:
B8: Hours | C8: Costs | D8: Comments
A9: Force Account Labor: Regular Time | B9: ='FA Labor Summary'!J28 -> #REF! | C9: ='FA Labor Summary'!N28 -> #REF!
A10: Force Account Labor: Overtime | B10: ='FA Labor Summary'!J29 -> #REF! | C10: ='FA Labor Summary'!N29 -> #REF!
A11: Force Account Equipment | B11: ='FA Equipment Summary'!L20 -> #REF! | C11: ='FA Equipment Summary'!N20 -> #REF!
A12: Force Account Material | C12: ='Materials Summary'!E29 -> #REF!
A13: Rental Equipment | C13: ='Rental Equip Summary'!H28 -> #REF!
A14: Contracts | C14: ='Contract Work Summary'!F19 -> 0
A15: Total | C15: =SUM(C9:C14) -> #REF!

Sheet FA Labor Summary
A1: FORCE ACCOUNT LABOR SUMMARY RECORD
A2: Applicant | E2: GPS N | G2: CDAA ID | J2: DSR # | L2: CDAA Disaster # | N2: FEMA Disaster #
A3: ='Cost Summary Record'!A3:C3 -> 0 | E3: ='Cost Summary Record'!B4 -> GPS N | G3: ='Cost Summary Record'!D3 -> 0 | J3: ='Cost Summary Record'!F3 -> 0 | L3: ='Cost Summary Record'!E3 -> 0 | N3: ='Cost Summary Record'!E5 -> 0
A4: Location/Site | E4: GPS W | G4: FEMA ID | J4: Category | L4: Period Covering
A5: ='Cost Summary Record'!A5:C5 -> 0 | E5: ='Cost Summary Record'!C4 -> GPS W | G5: ='Cost Summary Record'!D5 -> 0 | J5: ='Cost Summary Record'!F5 -> 0 | M5: to
A6: Description of Work Performed:
A7: ='Cost Summary Record'!A7:F7 -> 0
A8: Name | B8: Hours Worked Each Week
A9: Job Title | B9: Week of | J9: Total Hours | K9: Hourly Rate | L9: Benefit Rate/Hr | M9: Total Hourly | N9: Total Costs
A10: Name | B10: Reg. | J10: =IF(SUM(C10:I10)>0,SUM(C10:I10),"") | M10: =IF(K10+L10>0,K10+L10,"") | N10: =IF(J10="","",J10*M10)
A11: Job Title | B11: O.T. | J11: =IF(SUM(C11:I11)>0,SUM(C11:I11),"") | M11: =IF(K11+L11>0,K11+L11,"") | N11: =IF(J11="","",J11*M11)
A12: Name | B12: Reg. | J12: =IF(SUM(C12:I12)>0,SUM(C12:I12),"") | M12: =IF(K12+L12>0,K12+L12,"") | N12: =IF(J12="","",J12*M12)
A13: Job Title | B13: O.T. | J13: =IF(SUM(C13:I13)>0,SUM(C13:I13),"") | M13: =IF(K13+L13>0,K13+L13,"") | N13: =IF(J13="","",J13*M13)
A14: Name | B14: Reg. | J14: =IF(SUM(C14:I14)>0,SUM(C14:I14),"") | M14: =IF(K14+L14>0,K14+L14,"") | N14: =IF(J14="","",J14*M14)
A15: Job Title | B15: O.T. | J15: =IF(SUM(C15:I15)>0,SUM(C15:I15),"") | M15: =IF(K15+L15>0,K15+L15,"") | N15: =IF(J15="","",J15*M15)
A16: Name | B16: Reg. | J16: =IF(SUM(C16:I16)>0,SUM(C16:I16),"") | M16: =IF(K16+L16>0,K16+L16,"") | N16: =IF(J16="","",J16*M16)
A17: Job Title | B17: O.T. | J17: =IF(SUM(C17:I17)>0,SUM(C17:I17),"") | M17: =IF(K17+L17>0,K17+L17,"") | N17: =IF(J17="","",J17*M17)
A18: Name | B18: Reg. | J18: =IF(SUM(C18:I18)>0,SUM(C18:I18),"") | M18: =IF(K18+L18>0,K18+L18,"") | N18: =IF(J18="","",J18*M18)
A19: Job Title | B19: O.T. | J19: =IF(SUM(C19:I19)>0,SUM(C19:I19),"") | M19: =IF(K19+L19>0,K19+L19,"") | N19: =IF(J19="","",J19*M19)
A20: Name | B20: Reg. | J20: =IF(SUM(C20:I20)>0,SUM(C20:I20),"") | M20: =IF(K20+L20>0,K20+L20,"") | N20: =IF(J20="","",J20*M20)
A21: Job Title | B21: O.T. | J21: =IF(SUM(C21:I21)>0,SUM(C21:I21),"") | M21: =IF(K21+L21>0,K21+L21,"") | N21: =IF(J21="","",J21*M21)
... A23: Job Title | B23: O.T. | J23: =IF(SUM(C23:I23)>0,SUM(C23:I23),"") | M23: =IF(K23+L23>0,K23+L23,"") | N23: =IF(J23="","",J23*M23)
A24: This Page Force Account Labor Regular Time | J24: =SUMIF(B10:B23,"Reg.",J10:J23) -> 0 | N24: =SUMIF($B10:$B23,"Reg.",$N10:$N23) -> 0
A25: This Page Force Account Labor Overtime | J25: =SUMIF(B10:B23,"O.T.",J10:J23) -> 0 | N25: =SUMIF($B10:$B23,"O.T.",$N10:$N23) -> 0
A26: Other Pages Force Account Labor Regular Time | J26: =#REF! -> #REF! | N26: =#REF! -> #REF!
A27: Other Pages Force Account Labor Overtime | J27: =#REF! -> #REF! | N27: =#REF! -> #REF!
A28: Total Cost for Force Account Labor Regular Time | J28: =J24+J26 -> #REF! | N28: =N24+N26 -> #REF!
A29: Total Cost for Force Account Labor Overtime | J29: =J25+J27 -> #REF! | N29: =N25+N27 -> #REF!
A30: I CERTIFY THAT THE ABOVE INFORMATION WAS TRANSCRIBED FROM PAYROLL RECORDS, VENDOR INVOICES, OR OTHER DOCUMENTS THAT ARE AVAILABLE FOR AUDIT
A31: Certified | E31: Title | M31: Date
A33: OES Form 103 (Rev. 11/13) DAD Form

Sheet FA Equipment Summary
A1: FORCE ACCOUNT EQUIPMENT SUMMARY RECORD
A2: Applicant | E2: GPS N | G2: CDAA ID | J2: DSR # | L2: CDAA Disaster # | N2: FEMA Disaster #
A3: ='Cost Summary Record'!A3:C3 -> 0 | E3: ='Cost Summary Record'!B4 -> GPS N | G3: ='Cost Summary Record'!D3 -> 0 | J3: ='Cost Summary Record'!F3 -> 0 | L3: ='Cost Summary Record'!E3 -> 0 | N3: ='Cost Summary Record'!E5 -> 0
A4: Location/Site | E4: GPS W | G4: FEMA ID | J4: Category | L4: Period Covering
A5: ='Cost Summary Record'!A5:C5 -> 0 | E5: ='Cost Summary Record'!C4 -> GPS W | G5: ='Cost Summary Record'!D5 -> 0 | J5: ='Cost Summary Record'!F5 -> 0 | M5: to
A6: Description of Work Performed:
A7: ='Cost Summary Record'!A7:F7 -> 0
A8: Type of Equipment | C8: Operator's Name | D8: Hours Used Each Week | L8: Costs
A9: Indicate size, capacity, horsepower, make, and model as appropriate | B9: Equipment Code Number | D9: Week of | L9: Total Hours | M9: Equip Rate | N9: Total Cost
D10: Hours | L10: =IF(SUM(E10:K10)>0,SUM(E10:K10),"") | N10: =IF(L10="","",L10*M10)
D11: Hours | L11: =IF(SUM(E11:K11)>0,SUM(E11:K11),"") | N11: =IF(L11="","",L11*M11)
D12: Hours
D13: Hours | L13: =IF(SUM(E13:K13)>0,SUM(E13:K13),"") | N13: =IF(L13="","",L13*M13)
D14: Hours
D15: Hours | L15: =IF(SUM(E15:K15)>0,SUM(E15:K15),"") | N15: =IF(L15="","",L15*M15)
D16: Hours | L16: =IF(SUM(E16:K16)>0,SUM(E16:K16),"") | N16: =IF(L16="","",L16*M16)
D17: Hours | L17: =IF(SUM(E17:K17)>0,SUM(E17:K17),"") | N17: =IF(L17="","",L17*M17)
A18: This Page Totals | L18: =SUM(L10:L17) -> 0 | N18: =SUM(N10:N17) -> 0
A19: Other Page Totals | L19: =#REF! -> #REF! | N19: =#REF! -> #REF!
A20: GRAND TOTALS | L20: =L18+L19 -> #REF! | N20: =N18+N19 -> #REF!
A21: I CERTIFY THAT THE ABOVE INFORMATION WAS TRANSCRIBED FROM PAYROLL RECORDS, VENDOR INVOICES, OR OTHER DOCUMENTS THAT ARE AVAILABLE FOR AUDIT
A22: Certified | E22: Title | M22: Date
A24: OES Form 129 (Rev. 11/13) DAD Form

Sheet Materials Summary
A1: MATERIALS SUMMARY RECORD
A2: Applicant | C2: GPS N | E2: CDAA ID | F2: DSR # | G2: CDAA Disaster # | I2: FEMA Disaster #
A3: ='Cost Summary Record'!A3:C3 -> 0 | C3: ='Cost Summary Record'!B4 -> GPS N | E3: ='Cost Summary Record'!D3 -> 0 | F3: ='Cost Summary Record'!F3 -> 0 | G3: ='Cost Summary Record'!E3 -> 0 | I3: ='Cost Summary Record'!E5 -> 0
A4: Location/Site | C4: GPS W | E4: FEMA ID | F4: Category | G4: Period Covering
A5: ='Cost Summary Record'!A5:C5 -> 0 | C5: ='Cost Summary Record'!C4 -> GPS W | E5: ='Cost Summary Record'!D5 -> 0 | F5: ='Cost Summary Record'!F5 -> 0 | H5: to
A6: Description of Work Performed:
A7: ='Cost Summary Record'!A7:F7 -> 0
A8: Vendor | B8: Item Description | C8: Qty | D8: Unit Price | E8: Total Price | F8: Date Purchased | G8: Date Used | H8: Price Info From
H9: Invoice | J9: Stock
E10: =IF(C10>0,C10*D10,"")
E11: =IF(C11>0,C11*D11,"")
E12: =IF(C12>0,C12*D12,"")
E13: =IF(C13>0,C13*D13,"")
E14: =IF(C14>0,C14*D14,"")
E15: =IF(C15>0,C15*D15,"")
E16: =IF(C16>0,C16*D16,"")
E17: =IF(C17>0,C17*D17,"")
E20: =IF(C20>0,C20*D20,"")
E22: =IF(C22>0,C22*D22,"")
E23: =IF(C23>0,C23*D23,"")
E24: =IF(C24>0,C24*D24,"")
... E26: =IF(C26>0,C26*D26,"")
A27: This Page Total | E27: =SUM(E10:E26) -> 0
A28: Other Pages Total | E28: =#REF! -> #REF!
A29: GRAND TOTAL | E29: =E27+E28 -> #REF!
A30: I CERTIFY THAT THE ABOVE INFORMATION WAS TRANSCRIBED FROM PAYROLL RECORDS, VENDOR INVOICES, OR OTHER DOCUMENTS THAT ARE AVAILABLE FOR AUDIT
A31: Certified | C31: Title | H31: Date
A33: OES Form 127 (Rev. 11/13) DAD Form

Sheet Rental Equip Summary
A1: RENTAL EQUIPMENT SUMMARY RECORD
A2: Applicant | E2: GPS N | F2: CDAA ID | G2: DSR # | H2: CDAA Disaster # | J2: FEMA Disaster #
A3: ='Cost Summary Record'!A3:C3 -> 0 | E3: ='Cost Summary Record'!B4 -> GPS N | F3: ='Cost Summary Record'!D3 -> 0 | G3: ='Cost Summary Record'!F3 -> 0 | H3: ='Cost Summary Record'!E3 -> 0 | J3: ='Cost Summary Record'!E5 -> 0
A4: Location/Site | E4: GPS W | F4: FEMA ID | G4: Category | H4: Period Covering
A5: ='Cost Summary Record'!A5:C5 -> 0 | E5: ='Cost Summary Record'!C4 -> GPS W | F5: ='Cost Summary Record'!D5 -> 0 | G5: ='Cost Summary Record'!F5 -> 0 | I5: to
A6: Description of Work Performed:
A7: ='Cost Summary Record'!A7:F7 -> 0
A8: Type of Equipment | B8: Dates and Hours used | C8: Rate Per Hour | E8: Total Cost | F8: Vendor | G8: Invoice # | H8: Date and Amount Paid | J8: Check #
A9: Indicate size, capacity, horsepower, make, and model as appropriate | C9: W/Opr | D9: W/Out Opr
E10: =IF(C10<>"",B11*C10,IF(D10<>"",B11*D10,""))
H11: =IF(E10="",0,E10) -> 0
E12: =IF(C12<>"",B13*C12,IF(D12<>"",B13*D12,""))
H13: =IF(E12="",0,E12) -> 0
E14: =IF(C14<>"",B15*C14,IF(D14<>"",B15*D14,""))
H15: =IF(E14="",0,E14) -> 0
E16: =IF(C16<>"",B17*C16,IF(D16<>"",B17*D16,""))
H17: =IF(E16="",0,E16) -> 0
E18: =IF(C18<>"",B19*C18,IF(D18<>"",B19*D18,""))
H19: =IF(E18="",0,E18) -> 0
E20: =IF(C20<>"",B21*C20,IF(D20<>"",B21*D20,""))
H21: =IF(E20="",0,E20) -> 0
E22: =IF(C22<>"",B23*C22,IF(D22<>"",B23*D22,""))
H23: =IF(E22="",0,E22) -> 0
E24: =IF(C24<>"",B25*C24,IF(D24<>"",B25*D24,""))
H25: =IF(E24="",0,E24) -> 0
A26: This Page Total | H26: =H11+H13+H15+H17+H19+H21+H23+H25+#REF! -> #REF!
A27: Other Pages Total | H27: =#REF! -> #REF!
A28: GRAND TOTAL | H28: =H26+H27 -> #REF!
A29: I CERTIFY THAT THE ABOVE INFORMATION WAS TRANSCRIBED FROM PAYROLL RECORDS, VENDOR INVOICES, OR OTHER DOCUMENTS THAT ARE AVAILABLE FOR AUDIT
A30: Certified | C30: Title | H30: Date
A32: OES Form 128 (Rev. 11/13) DAD Form

Sheet Contract Work Summary
A1: CONTRACT WORK SUMMARY RECORD
A2: Applicant | E2: GPS N | F2: CDAA ID | G2: DSR # | H2: CDAA Disaster # | J2: FEMA Disaster #
A3: ='Cost Summary Record'!A3:C3 -> 0 | E3: ='Cost Summary Record'!B4 -> GPS N | F3: ='Cost Summary Record'!D3 -> 0 | G3: ='Cost Summary Record'!F3 -> 0 | H3: ='Cost Summary Record'!E3 -> 0 | J3: ='Cost Summary Record'!E5 -> 0
A4: Location/Site | E4: GPS W | F4: FEMA ID | G4: Category | H4: Period Covering
A5: ='Cost Summary Record'!A5:C5 -> 0 | E5: ='Cost Summary Record'!C4 -> GPS W | F5: ='Cost Summary Record'!D5 -> 0 | G5: ='Cost Summary Record'!F5 -> 0 | I5: to
A6: Description of Work Performed:
A7: ='Cost Summary Record'!A7:F7 -> 0
A8: Dates Worked | D8: Contractor | E8: Billing/Invoice Number | F8: Amount | G8: Comments - Scope
B9: to
B10: to
B11: to
B12: to
B13: to
B14: to
B15: to
B16: to
B17: to
B18: to
A19: GRAND TOTAL | F19: =SUM(F9:F18) -> 0
A20: I CERTIFY THAT THE ABOVE INFORMATION WAS TRANSCRIBED FROM PAYROLL RECORDS, VENDOR INVOICES, OR OTHER DOCUMENTS THAT ARE AVAILABLE FOR AUDIT
A21: Certified | E21: Title | I21: Date
A23: OES Form 104 (Rev. 11/13) DAD Form
